 Dungeon Crawl Stone Soup version 0.19-a0-450-g98b348d (webtiles) character file.

326 epen the Chiller (level 6, -7/43 HPs)
             Began as a Demonspawn Ice Elementalist on June 1, 2016.
             Mangled by an orc
             ... wielding a +2 war axe of electrocution
              (20 damage)
             ... on level 5 of the Dungeon.
             The game lasted 00:07:53 (4668 turns).

epen the Chiller (Demonspawn Ice Elementalist)      Turns: 4668, Time: 00:07:54

Health: -7/43      AC: 12    Str:  9    XL:     6   Next: 24%
Magic:  8/10       EV: 13    Int: 18    God:
Gold:   222        SH:  0    Dex: 12    Spells: 3 memorised, 4 levels left

rFire  . . .     SeeInvis .     D - +0 quarterstaff (protect)
rCold  . . .     Gourm    .     a - +0 robe
rNeg   . . .     Faith    .     (shield currently unavailable)
rPois  .         Spirit   .     x - +0 helmet (curse)
rElec  .         Dismiss  +     (no cloak)
rCorr  .         Reflect  .     (no gloves)
SustAt .         Harm     .     (no boots)
MR     .....                    C - amulet of dismissal
Stlth  +++.......               (no ring)
                                (no ring)

@: not resistant to hostile enchantments, fairly stealthy
A: hooves 1, rough black scales 1, demonic guardian 1, nightstalker 1
a: no special abilities


You were on level 5 of the Dungeon.
You were not hungry.

You visited 1 branch of the dungeon, and saw 5 of its levels.

You collected 222 gold pieces.

Inventory:

Hand Weapons
 h - a +0 short sword
 D - a +0 quarterstaff of protection (weapon)
Missiles
 f - 3 throwing nets (quivered)
Armour
 a - a +0 robe (worn)
 x - a cursed +0 helmet (worn)
Jewellery
 C - an amulet of dismissal (around neck)
 E - an uncursed ring of positive energy {unknown}
Scrolls
 i - 5 scrolls of remove curse {unknown}
 j - 2 scrolls of blinking {unknown}
 n - 2 scrolls of teleportation {unknown}
 q - 2 scrolls of fog {unknown}
 r - 2 scrolls of fear {unknown}
 s - 3 scrolls of identify {unknown}
 t - a scroll of immolation {unknown}
 y - 3 scrolls of enchant armour {unknown}
Potions
 d - 2 potions of curing {unknown}
 e - a potion of resistance {unknown}
 l - a potion of brilliance {unknown}
 m - a potion of agility {unknown}
 p - a potion of cancellation {unknown}
 u - a potion of flight {unknown}
 v - 2 potions of haste {unknown}
 w - a potion of ambrosia {unknown}
 z - a potion of heal wounds {unknown}
 A - a potion of magic {unknown}
 B - a potion of might {unknown}
 F - a potion of cure mutation {unknown}
Books
 b - a book of Frost

   Spells                             Type                      Level
   a - Freeze                         Ice                          1
   b - Throw Frost                    Conjuration/Ice              2
   c - Ozocubu's Armour               Charms/Ice                   3
   d - Throw Icicle                   Conjuration/Ice              4
   e - Summon Ice Beast               Ice/Summoning                4
Comestibles
 c - 3 bread rations
 g - 2 beef jerkies
 o - 4 meat rations


   Skills:
 + Level 1.6 Fighting
 + Level 2.8 Dodging
 - Level 1.7 Stealth
 + Level 2.8 Spellcasting
 * Level 3.3 Conjurations
 * Level 4.3 Ice Magic


You had 4 spell levels left.
You knew the following spells:

 Your Spells              Type           Power        Failure   Level  Hunger
a - Freeze                Ice            ###.         2%          1    None
b - Throw Frost           Conj/Ice       ###...       6%          2    ##.....
c - Ozocubu's Armour      Chrm/Ice       ##......     24%         3    ###....


Dungeon Overview and Level Annotations

Branches:
Dungeon (5/15)
 Temple: D:4-7

Altars:
Gozag
Trog

Shops:
D:4 [

Annotations:
D:3 DEFE's ghost, amateur DEFi


Innate Abilities, Weirdness & Mutations

You have large cloven feet.
You are partially covered in rough black scales. (AC +4, Dex -1)
A weak demonic guardian rushes to your aid.
You are slightly more attuned to the shadows.


Message History

Confirm with . or Enter, or press ? or * to list all spells.
Aiming: Freeze
Press: ? - help, Shift-Dir - straight line, f - jelly
Aim: a jelly (almost dead)
You freeze the jelly.
The jelly is almost dead.
The orc shouts!
The jelly closely misses you.
Casting: Freeze
Confirm with . or Enter, or press ? or * to list all spells.
Aiming: Freeze
Press: ? - help, Shift-Dir - straight line, f/p - jelly
Aim: a jelly (almost dead)
You freeze the jelly.
You kill the jelly!
You barely miss the orc. The orc misses you.
You closely miss the orc. You kick the orc, but do no damage.
The orc hits you with a war axe of electrocution.
You are electrocuted!
You die...

... .... ....#
.(..# # ... #. .
#o####### #.##
#o@.....# #.##
##.^....# #.##
#.....)# #.##
#......########.##
#[................
#...)..###..###.##
#......# ##...)###
#......###....##..
#............##...


You could see 2 orcs.

Vanquished Creatures
  An ogre (D:5)
  A scorpion (D:5)
  A jelly (D:5)
  A worker ant (D:4)
  7 adders
  A shadow imp (D:3)
  A worm (D:2)
  A dart slug (D:1)
  2 giant geckos (D:4)
  3 orcs
  11 bats
  5 giant cockroaches
  4 goblins
  10 hobgoblins
  2 ball pythons (D:3)
  4 giant newts
  5 kobolds
  5 rats
65 creatures vanquished.

Vanquished Creatures (others)
  A wizard (D:4)
1 creature vanquished.

Grand Total: 66 creatures vanquished

Notes
Turn   | Place    | Note
--------------------------------------------------------------
     0 | D:1      | epen the Demonspawn Ice Elementalist began the quest for the Orb.
     0 | D:1      | Reached XP level 1. HP: 13/13 MP: 3/3
   284 | D:1      | Gained mutation: You are partially covered in rough black scales. (AC +4, Dex -1) [demonic ancestry]
   284 | D:1      | Reached XP level 2. HP: 17/20 MP: 0/5
   288 | D:1      | Learned a level 2 spell: Throw Frost
   552 | D:1      | Reached skill level 3 in Ice Magic
   789 | D:2      | Gained mutation: You have large cloven feet. [demonic ancestry]
   789 | D:2      | Reached XP level 3. HP: 22/25 MP: 2/6
   794 | D:2      | Learned a level 3 spell: Ozocubu's Armour
   857 | D:2      | Reached skill level 1 in Fighting
  2225 | D:3      | Reached XP level 4. HP: 29/32 MP: 4/7
  2520 | D:3      | Noticed DEFE's ghost (amateur DEFi)
  3410 | D:4      | Found Dische Refao's Antique Armour Shop.
  3636 | D:4      | Gained mutation: You are slightly more attuned to the shadows. [demonic ancestry]
  3636 | D:4      | Reached XP level 5. HP: 34/37 MP: 2/8
  3864 | D:4      | Found an opulent altar of Gozag.
  4108 | D:4      | Found a bloodstained altar of Trog.
  4110 | D:4      | Noticed a wizard
  4116 | D:4      | Killed a wizard
  4290 | D:5      | Entered Level 5 of the Dungeon
  4299 | D:5      | Noticed an ogre
  4305 | D:5      | Killed an ogre
  4305 | D:5      | Reached skill level 4 in Ice Magic
  4410 | D:5      | Gained mutation: A weak demonic guardian rushes to your aid. [demonic ancestry]
  4410 | D:5      | Reached XP level 6. HP: 27/43 MP: 4/10
  4668 | D:5      | Mangled by an orc

Vault maps used:
D:1:      shiori_arrival_oz, minmay_misc_feat_rows
D:3:      minmay_joined_circles
D:4:      nicolae_gozag_cash_rules_everything_around_me, serial_shops, shop,
          trog_wizard
D:5:      grunt_temple_overflow_order_and_chaos_1,
          gammafunk_temple_overflow_pools, first_bread, nrook_mini_backslash,
          gammafunk_pakellas_spire_experiment, uniq_crazy_yiuf_cottage

Skill      XL: |  1  2  3  4  5 |
---------------+----------------+-----
Dodging        | 2 |  2.8
Ice Magic      | 3 4 |  4.3
Fighting       | 1 |  1.6
Conjurations   | 2 3 |  3.3
Stealth        | |  1.7
Spellcasting   | |  2.8

Action                   |  1- 3 |  4- 6 || total
-------------------------+-------+-------++-------
Melee: Unarmed           |     6 |       ||     6
       Short sword       |   132 |    74 ||   206
       Kick              |     9 |    22 ||    31
       Quarterstaff      |       |    28 ||    28
 Cast: Freeze            |    26 |    32 ||    58
       Ozocubu's Armour  |       |     3 ||     3
       Throw Frost       |       |     1 ||     1
 Stab: Distracted        |     1 |       ||     1
       Sleeping          |     3 |     5 ||     8
  Eat: Chunk             |     5 |     6 ||    11
       Royal jelly       |       |     1 ||     1
Armor: Robe              |    73 |    68 ||   141
Dodge: Dodged            |   147 |    83 ||   230
